cohdb
Replays
Latest Replays
All Replays
Popular Replays
Top Player Replays
Match Explorer
How It Works
Community
CoH3 Stats
Reddit
Sign in to upload your games and track your stats! →
Sign in with Steam
Match 43928632
Unlisted
Match 43928632
Overview
Messages
Build Orders
End
Kradschützen Motorcycle Team
Selects Italian Infantry
Panzergrenadier Squad
Construct Light Support Kompanie
Selects Defensive Operations
2.5-tonne Medical Truck
MG34 Team
Fire Support Elements
Pak 38 Mechanized Group
Veteran Squad Leaders
Combat Half-tracks
Selects Guastatori Squad
Construct Panzerarmee Kommand
Guastatori Squad
Selects Defensive Operations
Pak 38 Mechanized Group
Guastatori Squad
Advanced Field Repairs
Han
Fenryx
DeadlyKlown
waja0514
Butterfly dog
Oncle-Hô
linms82
RED
0
0
Comments
sign in to comment!
No comments posted yet!